 Dungeon Crawl Stone Soup version 0.30-a0-46-g5a63ccc183 (webtiles) character file.

Game seed: 10545196082579372594

63 LnG the Trooper (level 4, -1/60 HPs)
             Began as a Hill Orc Fighter on Sept 1, 2022.
             Was an Initiate of Okawaru.
             Slain by Sigmund
             ... wielding a +0 scythe
              (9 damage)
             ... on level 3 of the Dungeon.
             The game lasted 00:11:30 (1576 turns).

LnG the Trooper (Hill Orc Fighter)                  Turns: 1576, Time: 00:11:31

Health: -1/60      AC: 22    Str: 20    XL:     4   Next: 9%
Magic:  4/4        EV:  2    Int:  8    God:    Okawaru [......]
Gold:   145        SH:  4    Dex: 10    Spells: 3/3 levels left

rFire   + . .      SeeInvis .    a - +0 war axe (spect)
rCold   . . .      Faith    .    c - +0 buckler
rNeg    + . .      Spirit   .    (body armour currently unavailable)
rPois   +          Reflect  .    (helmet currently unavailable)
rElec   .          Harm     .    (cloak currently unavailable)
rCorr   .          Rampage  .    (gloves currently unavailable)
Will    .....      NoTele   +    (boots currently unavailable)
Stlth   +.........               (no amulet)
HPRegen 0.20/turn                h - ring of protection from fire
MPRegen 0.09/turn                j - ring of positive energy

@: mighty, tree-form (expiring)
A: stationary, stasis, torment immunity, boosted hp
a: Renounce Religion


You were on level 3 of the Dungeon.
You worshipped Okawaru.
Okawaru was noncommittal.
You were a tree.
You visited 1 branch of the dungeon, and saw 3 of its levels.

You collected 145 gold pieces.

Inventory:

Hand Weapons
 a - a +0 spectral war axe (weapon)
Armour
 b - a +0 scale mail (melded)
 c - a +0 buckler (worn)
 r - a +1 cloak (melded)
 s - a +0 helmet (melded)
Jewellery
 g - a +6 ring of strength
 h - a ring of protection from fire (left branch)
 j - a ring of positive energy (right branch)
Scrolls
 f - 3 scrolls of amnesia
 k - a scroll of fog
Potions
 q - a potion of attraction


   Skills:
 + Level 4.0 Fighting
 + Level 4.0 Axes
 + Level 3.9 Armour
 + Level 0.2 Dodging
 + Level 0.1 Stealth
 + Level 3.7 Shields


You had 3 spell levels left.
You didn't know any spells.
Your spell library contained the following spells:

 Spells                   Type           Power      Damage    Failure   Level
 Gell's Gravitas          Tloc           0%         N/A       86%         3
 Lesser Beckoning         Tloc           0%         N/A       86%         3
 Teleport Other           Tloc           0%         N/A       86%         3


Dungeon Overview and Level Annotations

Branches:
Dungeon (3/15)

Altars:
Dithmenos
Okawaru
Vehumet

Shops:
D:2 (

Annotations:
D:3 Sigmund


Message History

You are too injured to fight recklessly!
You hear some strange, mumbled words.
A magic dart appears from out of thin air!
The magic dart hits you!
You are too injured to fight recklessly!
Something hits you but does no damage. Something hits you but does no damage.
Something hits you but does no damage. Something hits you.
You block something's attack.
You hear some strange, mumbled words.
You are confused.
Something hits you but does no damage. Something hits you!
* * * LOW HITPOINT WARNING * * *
You hear some strange, mumbled words.
A puff of flame appears from out of thin air!
The puff of flame hits you. You resist.
* * * LOW HITPOINT WARNING * * *
Something hits you.
* * * LOW HITPOINT WARNING * * *
You feel less confused.
Sigmund appears from thin air!
Reactivating autopickup.
Sigmund hits you but does no damage.
You are too injured to fight recklessly!
There are monsters nearby!
There are monsters nearby!
There are monsters nearby!
There are monsters nearby!
There are monsters nearby!
There are monsters nearby!
There are monsters nearby!
The bat hits you but does no damage. Sigmund hits you but does no damage.
The bat hits you but does no damage. x3
The bat hits you but does no damage. Sigmund hits you with a +0 scythe.
* * * LOW HITPOINT WARNING * * *
Your transformation is almost over.
You block the bat's attack. Sigmund hits you with a +0 scythe!
You die...

#.......P..
#.............
#...####.##..$
##..####....#
##.........#
#.........##
#.......!...
#..$......!.
#...♣.......
#....@......
#....b......
#.........##
#.........#
#.........#
#.........#
###########


You could see Sigmund and a bat.

Vanquished Creatures
  An adder (D:2)
  2 dart slugs
  A worm (D:3)
  An orc (D:3)
  A ball python (D:1)
  2 bats
  4 endoplasms
  2 giant cockroaches
  3 hobgoblins
  4 kobolds
  3 quokkas
  6 frilled lizards
  8 goblins
  8 rats
46 creatures vanquished.

Vanquished Creatures (others)
  3 plants (D:3)
3 creatures vanquished.

Grand Total: 49 creatures vanquished

Notes
Turn   | Place    | Note
-------+----------+-------------------------------------------
     0 | D:1      | LnG the Hill Orc Fighter began the quest for the Orb.
     0 | D:1      | Reached XP level 1. HP: 19/19 MP: 1/1
   176 | D:1      | Reached XP level 2. HP: 27/27 MP: 2/2
   184 | D:1      | Found a faded altar of an unknown god.
   471 | D:1      | Reached XP level 3. HP: 33/33 MP: 3/3
   730 | D:2      | Found a radiant altar of Vehumet.
   805 | D:2      | Found an iron altar of Okawaru.
   847 | D:2      | Became a worshipper of Warmaster Okawaru
   936 | D:2      | Found Goimesmytt's Weapon Emporium.
  1449 | D:3      | Reached XP level 4. HP: 40/40 MP: 4/4
  1526 | D:3      | Found a shadowy altar of Dithmenos.
  1531 | D:3      | Noticed Sigmund
  1576 | D:3      | Slain by Sigmund

Illustrated notes

Levels and vault maps discovered:
D:1:      shiori_arrival_maze, layout_rooms, chequers_ecumenical_altar_simple,
          minmay_statues_item
D:2:      layout_rooms, serial_shops, nicolae_shop_bloodbath_and_beyond,
          basic_altar, minmay_hexomino_r4
D:3:      layout_basic, mainiacjoe_overflow_chevrons, grunt_ministairs_2,
          uniq_sigmund

Skill      XL: |  1  2  3 |
---------------+----------+-----
Axes           | 3 4 |  4.0
Fighting       | 4 |  4.0
Armour         | |  3.9
Dodging        | |  0.2
Stealth        | |  0.1
Shields        | |  3.7

Action                   |  1- 3 |  4- 6 || total
-------------------------+-------+-------++-------
Melee: War axe           |   113 |    27 ||   140
  Use: Scroll            |     5 |     4 ||     9
       Potion            |       |     4 ||     4
Armor: Scale mail        |    61 |     9 ||    70
       Skin              |       |    15 ||    15
Dodge: Dodged            |    55 |     9 ||    64
Block: Buckler           |    23 |     7 ||    30

Table legend: (Time is in decaauts)
 A = Elapsed time spent in this place.
 B = Non-inter-level travel time spent in this place.
 C = Inter-level travel time spent in this place.
 D = Time resting spent in this place.
 E = Time spent auto-exploring this place.
 F = Levels seen in this place.
 G = Mean time per level.
                   A        B        C        D        E       F      G
               +--------+--------+--------+--------+--------+-----+--------+
         Total |   1625 |   1554 |     71 |    126 |    899 |   3 |  541.7 |
       Dungeon |   1625 |   1554 |     71 |    126 |    899 |   3 |  541.7 |
               +--------+--------+--------+--------+--------+-----+--------+

Top non-repeatable levels by time:
     D:1: 716 daAuts
     D:2: 566 daAuts
     D:3: 342 daAuts
